 Dungeon Crawl Stone Soup version 0.20.0-4-g10b340a (webtiles) character file.

49 Chiseanne the Vexing (level 3, 0/20 HPs)
             Began as a Deep Elf Arcane Marksman on May 28, 2017.
             Slain by an adder (4 damage)
             ... on level 2 of the Dungeon.
             The game lasted 00:03:36 (2140 turns).

Chiseanne the Vexing (Deep Elf Arcane Marksman)     Turns: 2140, Time: 00:03:36

Health: 0/20       AC:  7    Str:  8    XL:     3   Next: 51%
Magic:  7/7        EV:  9    Int: 17    God:
Gold:   63         SH:  0    Dex: 15    Spells: 4/5 levels left

rFire    . . .     SeeInvis .   t - +1 hand axe
rCold    . . .     Gourm    .   (no shield)
rNeg     . . .     Faith    .   g - +0 scale mail
rPois    .         Spirit   .   (no helmet)
rElec    .         Reflect  .   m - +0 cloak
rCorr    .         Harm     .   (no gloves)
MR       .....                  (no boots)
Stlth    ..........             k - amulet of regeneration
Regen    0.5/turn               (no ring)
MPRegen  0.1/turn               (no ring)

@: lethally poisoned (0 -> 0)
A: no striking features
a: no special abilities


You were on level 2 of the Dungeon.
You were not hungry.

You visited 1 branch of the dungeon, and saw 2 of its levels.

You collected 63 gold pieces.

Inventory:

Hand Weapons
 e - a +0 hunting sling
 t - a +1 hand axe (weapon)
Missiles
 a - 10 arrows
 h - 17 sling bullets
 r - 40 stones (quivered)
Armour
 g - a +0 scale mail (worn)
 m - a +0 cloak (worn)
Jewellery
 k - an amulet of regeneration (around neck)
 v - a +3 ring of dexterity {unknown}
Scrolls
 j - a scroll of magic mapping
Potions
 i - a potion of magic {unknown}
 l - a potion of might {unknown}
 o - a potion of agility {unknown}
 p - 3 potions of resistance {unknown}
 q - a potion of invisibility {unknown}
Books
 b - a book of Debilitation

   Spells                             Type                      Level
   a - Corona                         Hexes                        1
   b - Slow                           Hexes                        2
   c - Inner Flame                    Hexes/Fire                   3
   d - Portal Projectile              Hexes/Translocation          3
   e - Cause Fear                     Hexes                        4
   f - Leda's Liquefaction            Hexes/Earth                  4
Comestibles
 f - 3 bread rations
 n - a royal jelly
 u - a meat ration


   Skills:
 * Level 1.2 Fighting
 * Level 2.7 Throwing
 * Level 1.1 Armour
 * Level 3.2 Dodging
 - Level 1.5 Spellcasting
 - Level 4.0 Hexes


You had 4 spell levels left.
You knew the following spells:

 Your Spells              Type           Power        Failure   Level  Hunger
a - Corona                Hex            ##.....      36%         1    ##.....


Dungeon Overview and Level Annotations

Branches:
Dungeon (2/15)

Altars:
The Shining One


Message History

You barely miss the adder.
The adder is heavily wounded.
You feel sick. The adder closely misses you.
The adder bites you but does no damage.
Your scale mail prevents you from hitting the adder.
The adder is heavily wounded.
The adder bites you but does no damage.
You hit the adder.
The adder is severely wounded.
The adder bites you but does no damage. The adder barely misses you.
You closely miss the adder.
The adder is severely wounded.
You feel sick. The adder bites you but does no damage. The adder bites you.
* * * LOW HITPOINT WARNING * * *
You are more poisoned.
The adder poisons you!
You barely miss the adder.
The adder is severely wounded.
You feel sick. The adder bites you.
You die...

..#######
........#####
#..........(#
#######.###.#
#.# #(# #S# #.#
#.# #(# #.# #S#
#.# #@## #.#
#..# #.# ##.#
#.####.######.#
#.............#
#........######
...####.#.# ##
#.#.# #.#.#


You could see an adder.

Vanquished Creatures
  2 oozes (D:1)
  2 worms (D:2)
  A dart slug (D:2)
  A leopard gecko (D:1)
  3 bats
  4 goblins
  3 hobgoblins
  3 jackals (D:2)
  3 kobolds
  4 frilled lizards
  5 rats
31 creatures vanquished.

Notes
Turn   | Place    | Note
-------+----------+-------------------------------------------
     0 | D:1      | Chiseanne the Deep Elf Arcane Marksman began the quest for the Orb.
     0 | D:1      | Reached XP level 1. HP: 11/11 MP: 5/5
   377 | D:1      | Reached XP level 2. HP: 4/16 MP: 6/6
   785 | D:1      | Reached skill level 1 in Fighting
   789 | D:1      | Reached skill level 1 in Armour
  1188 | D:1      | Found a glowing golden altar of the Shining One.
  1579 | D:2      | Reached XP level 3. HP: 14/20 MP: 7/7
  2140 | D:2      | Slain by an adder

Skill      XL: |  1  2  3 |
---------------+----------+-----
Fighting       | 1 |  1.2
Armour         | 1 |  1.1
Dodging        | 3 |  3.2
Throwing       | |  2.7
Spellcasting   | |  1.5
Hexes          | |  4.0

Action                   || total
-------------------------++-------
Melee: Dagger            ||    36
       Hand axe          ||   105
Throw: Javelin           ||    32
       Throwing net      ||     2
  Use: Scroll            ||     5
  Eat: Chunk             ||     4
Armor: Scale mail        ||   110
Dodge: Dodged            ||    73
